[Event "Late-Titled-Tuesday-Blitz-March-26-2024"]
[Site "Chess.com"]
[Date "2024.03.26"]
[Round "2"]
[White "Vahe_Danielyan"]
[Black "Genghis_K"]
[Result "0-1"]
[WhiteElo "2613"]
[BlackElo "2926"]
[TimeControl "180+1"]
[EndTime "14:19:40 PDT"]
[Termination "Genghis_K won by resignation"]

1. d4 Nf6 2. c4 e6 3. Nc3 d5 4.
cxd5 exd5 5. Bg5 c6 6. e3 h6 7.
Bh4 Be7 8. Bd3 O-O 9. Nf3 Ne4 10.
Bg3 Nxg3 11. hxg3 Nd7 12. Qc2 Nf6 13. O-O-O Be6 14. Kb1 Rc8 15. Ne5 c5 16. f3 cxd4 17. exd4 Bb4 18. g4 Nd7 19. f4 Nxe5 20. dxe5 d4 21. g5 Qa5 22. gxh6 g6 23. f5 Bxa2+ 24. Nxa2 Rxc2 25. Bxc2 Rc8 26. fxg6 fxg6 27. Rxd4 Bf8 28.
Rg4 Rxc2 29. h7+ Kh8 30. Rxg6 Rxb2+ 31. Kxb2 Qxe5+ 32. Nc3 Bg7 33. Rh3 Qb5+ 34. Kc1 Qf1+ 35. Kd2 Qf4+ 36. Ke2 Qc4+ 37. Kd2 Qd4+ 38. Kc2 b5 39. Rc6 Qf2+ 40. Kb3 Qf7+ 41. Kc2 Qf5+ 42. Kb3 a5 43. Rf3 a4+ 44. Kb4 Qd7 45. Kxb5 a3 46. Rf2 Qb7+ 47. Rb6 Qd7+ 48. Kb4 Bxc3+ 49. Kxc3 Qc7+ 50.
Kd3 Qxb6 51. Rf8+ Kxh7 52. Ra8 Qb3+ 53. Ke4 Qb7+ 0-1

[Event "Late-Titled-Tuesday-Blitz-March-26-2024"]
[Site "Chess.com"]
[Date "2024.03.26"]
[Round "2"]
[White "kacperkarwowski"]
[Black "HanSchut"]
[Result "1-0"]
[WhiteElo "2503"]
[BlackElo "2277"]
[TimeControl "180+1"]
[EndTime "14:19:45 PDT"]
[Termination "kacperkarwowski won by resignation"]

1. d4 Nf6 2. c4 g6 3. Nc3 d5 4. Nf3 Bg7 5. e3 O-O 6. b3 c5 7.
Bb2 cxd4 8. Nxd4 Qa5 9. Qd2 dxc4 10. Bxc4 Rd8 11. Ne4 Qxd2+ 12. Nxd2 a6 13. Rd1 Bd7 14.
O-O Nc6 15. Nxc6 Bxc6 16. Nf3 Bxf3 17. gxf3 e6 18. a4 Kf8 19. Ba3+ Ke8 20. Rfe1 Nd7 21. Be2 Nb6 22. Kf1 Nd5 23. Rc1 Rac8 24. Bc4 Nb6 25. Ke2 Nxc4 26. Rxc4 Rxc4 27. bxc4 Bc3 28. Rb1 Rd2+ 29.
Kf1 Ra2 30. Bd6 Rxa4 31. Rxb7 Rxc4 32. Re7+ Kd8 33. Rxf7 a5 34. Rxh7 Bb4 35. Bxb4 Rxb4 36. Rg7 a4 37. Rxg6 a3 38. Rg8+ Kc7 39. Ra8 Rb1+ 40. Kg2 Ra1 41. h4 Kd6 42. h5 Ke7 43. f4 Kf6 44. Kf3 Kg7 45. Ra5 Kh6 46. Ke4 a2 47. f3 Kg7 48. Ke5 Re1 49. Rxa2 Rxe3+ 50. Kd6 Kh6 51. Ra5 Rxf3 52. Ke5 Re3+ 53. Kf6 Re4 54.
Re5 Rxf4+ 55. Kxe6 Rh4 56. Kf6 Rxh5 57. Re8 Kh7 58. Re7+ Kh8 59. Kg6 1-0

[Event "Late-Titled-Tuesday-Blitz-March-26-2024"]
[Site "Chess.com"]
[Date "2024.03.26"]
[Round "2"]
[White "campochess"]
[Black "Koalaskakistis"]
[Result "0-1"]
[WhiteElo "2162"]
[BlackElo "2449"]
[TimeControl "180+1"]
[EndTime "14:19:45 PDT"]
[Termination "Koalaskakistis won on time"]

1. Nf3 Nf6 2. b3 c5 3. Bb2 Nc6 4. g3 d6 5. Bg2 e5 6. d3 g6 7. O-O Bg7 8. Nbd2 O-O 9. a4 h6 10. Nc4 Be6 11. Nfd2 Ne8 12. e3 d5 13.
Na3 a6 14. c4 Nc7 15. Qe2 Nb4 16. Rfd1 Qd7 17. cxd5 Ncxd5 18. Ndc4 Rfe8 19. e4 Ne7 20. Nb6 Qc7 21. Nxa8 Rxa8 22. Nc4 Nec6 23. Kh1 Rd8 24. Rac1 Qd7 25. Bf1 Bg4 26. f3 Be6 27. Qf2 Qe7 28. f4 Bg4 29. Rd2 exf4 30. gxf4 Nd4 31. e5 Nxb3 32. Nd6 Nxd2 33. Qxd2 Bf3+ 34. Kg1 b6 35. a5 Qa7 36. axb6 Qxb6 37. Nc4 Qe6 38. Qe3 Qg4+ 39. Kf2 Nd5 40. Qxf3 Qh4+ 41. Qg3 Qe7 42. Nd6 Qa7 43.
Kg1 Rxd6 44. exd6 Bxb2 45. Re1 Bd4+ 46. Kh1 Qd7 47. f5 g5 48. Bh3 Nf4 49. Bg4 Qxd6 50. h4 f6 51. hxg5 hxg5 52. Re4 Qb6 53. Bf3 Qb1+ 54.
Kh2 Qb2+ 0-1

[Event "Late-Titled-Tuesday-Blitz-March-26-2024"]
[Site "Chess.com"]
[Date "2024.03.26"]
[Round "2"]
[White "DanielDardha2005"]
[Black "IriBu"]
[Result "1-0"]
[WhiteElo "2844"]
[BlackElo "2564"]
[TimeControl "180+1"]
[EndTime "14:19:47 PDT"]
[Termination "DanielDardha2005 won by resignation"]

1. d4 Nf6 2. Bg5 d6 3. Nc3 Nbd7 4. e4 g6 5. Qe2 h6 6. Bxf6 exf6 7. O-O-O Bg7 8. h4 h5 9. Nh3 Bh6+ 10. Kb1 c6 11.
g4 hxg4 12. Qxg4 Nb6 13. Qg3 Qe7 14. d5 Bd7 15. dxc6 Bxc6 16. Rxd6 O-O 17. h5 g5 18. Bd3 Kh8 19. Rd1 Nd7 20. Nd5 Bxd5 21. Rxd5 Ne5 22. Ng1 Rad8 23. Ne2 Qe6 24. Nd4 Qg4 25. Qxg4 Nxg4 26. Rd2 Ne5 27. Nf5 Kh7 28. Be2 Rc8 29. Rd1 g4 30. Rg1 Rg8 31. Ne7 Rce8 32. Nxg8 Rxg8 33.
c3 Rg5 34. Rxe5 fxe5 35. Bxg4 Kg7 36. f3 Kf6 37. Rd1 Rg7 38. Rd6+ Kg5 39. Rd7 f5 40. Rxg7+ Bxg7 41. exf5 e4 42. Kc2 exf3 43. Bxf3 b6 44.
Kd3 Kxf5 45. Kc4 Ke6 46. Kb5 Kd6 47. Ka6 Kc5 48. Kxa7 Bh6 49. Be2 b5 50. b4+ Kc6 51. Ka6 Bd2 52. Bxb5+ Kc7 53. Bc4 Bxc3 54. b5 Bd4 55. h6 Kb8 56. h7 Be5 57. b6 Bd4 58.
Kb5 Be5 59. a4 Kb7 60. a5 Bc3 61. Bd5+ Kb8 62. a6 Bd4 63. a7+ 1-0

[Event "Late-Titled-Tuesday-Blitz-March-26-2024"]
[Site "Chess.com"]
[Date "2024.03.26"]
[Round "2"]
[White "RebelJohnny"]
[Black "ViIIagra"]
[Result "0-1"]
[WhiteElo "2587"]
[BlackElo "2879"]
[TimeControl "180+1"]
[EndTime "14:19:49 PDT"]
[Termination "ViIIagra won by resignation"]

1. e4 d6 2. d4 g6 3. Nc3 a6 4. Be3 b5 5. Bd3 Nd7 6. Nf3 Bb7 7. Qd2 Ngf6 8. e5 Nd5 9. e6 fxe6 10. Ng5 N7b6 11.
Nxe6 Qd7 12. Nxf8 Rxf8 13. Ne4 Nxe3 14. Qxe3 Nd5 15. Qg3 Nf4 16. f3 O-O-O 17. O-O-O Bxe4 18. fxe4 Qe6 19. Kb1 c5 20. Rhf1 Nh5 21. Qe3 c4 22. Be2 d5 23. e5 Ng7 24. Qh6 Nf5 25. Qg5 h5 26. c3 Rf7 27. Rf3 Rdf8 28. Rdf1 Kd8 29.
Bd1 Ng7 30. Rxf7 Rxf7 31. Rxf7 Qxf7 32. Qg3 Qf5+ 33. Kc1 Ne6 34. Qf3 Qxf3 35. Bxf3 Nc7 36. Kd2 e6 37. Ke3 Ke7 38. Kf4 Kf7 39. Kg5 Kg7 40. g4 hxg4 41. Bxg4 a5 42. Bd1 b4 43. Bc2 bxc3 44. bxc3 Nb5 45. Bxg6 Nxc3 46. h4 Ne2 47. h5 Nxd4 48. h6+ Kh8 49. Kf6 a4 50. a3 c3 51. Bd3 Kg8 52. h7+ Kh8 53. Bg6 c2 54.
Bxc2 Nxc2 55. Kxe6 d4 56. Kf7 Ne3 57. e6 Nd5 0-1

[Event "Late-Titled-Tuesday-Blitz-March-26-2024"]
[Site "Chess.com"]
[Date "2024.03.26"]
[Round "2"]
[White "AnthonyWirig"]
[Black "YegoryoCh"]
[Result "1-0"]
[WhiteElo "2821"]
[BlackElo "2545"]
[TimeControl "180+1"]
[EndTime "14:19:50 PDT"]
[Termination "AnthonyWirig won by resignation"]

1. d4 d5 2. Nf3 Nf6 3. c4 e6 4. e3 b6 5. Nc3 Bb7 6. Bd3 Nbd7 7.
cxd5 exd5 8. O-O a6 9. Ne5 Bd6 10. f4 Ne4 11. Qb3 Nxc3 12. bxc3 O-O 13. c4 Bxe5 14.
fxe5 c5 15. cxd5 b5 16. Qc2 Bxd5 17. Bxh7+ Kh8 18. Be4 Bxe4 19. Qxe4 Kg8 20. Bb2 Re8 21. Rf3 Nf8 22. d5 Ra7 23. a4 Rae7 24. axb5 axb5 25. Rd1 Ng6 26. e6 Nf8 27. Qg4 fxe6 28.
d6 Rd7 29. Be5 Nh7 30. Rdf1 Rf8 31. Qxe6+ Kh8 32. Qh6 Rxf3 33. Rxf3 c4 34. h4 b4 35.
Qe6 c3 36. h5 c2 37. Qc4 Qe8 38. Bb2 Rxd6 39. h6 Re6 40. Kf2 Kg8 41. hxg7 Qd7 42.
Qb3 Qe7 43. Rf8+ Nxf8 44. gxf8=Q+ Kxf8 45. Ke2 Qf7 46. Qxc2 Rc6 47. Qc3 Rc5 48. Qxc5+ Kg8 49. Qxb4 Qh5+ 50. Kd2 Qd5+ 51. Qd4 Qxg2+ 52. Kd3 Qg6+ 53.
Kc4 Qa6+ 54. Kb3 Qb5+ 55. Kc2 Qe2+ 56. Qd2 Qc4+ 57. Qc3 Qe4+ 58. Kb3 Qb7+ 59. Ka3 Qa6+ 60. Kb4 Qb5+ 61. Kxb5 1-0

[Event "Late-Titled-Tuesday-Blitz-March-26-2024"]
[Site "Chess.com"]
[Date "2024.03.26"]
[Round "2"]
[White "N_Mullodzhanov"]
[Black "CMmauricio"]
[Result "1-0"]
[WhiteElo "2553"]
[BlackElo "2773"]
[TimeControl "180+1"]
[EndTime "14:19:50 PDT"]
[Termination "N_Mullodzhanov won by resignation"]

1. e4 e6 2. d4 d5 3. Nc3 Nf6 4. e5 Nfd7 5. Bd3 c5 6. Nce2 c4 7. Bxc4 dxc4 8. Nf3 Nc6 9. c3 Nb6 10. O-O Be7 11. a4 Nd5 12. Nd2 Na5 13. Ng3 g6 14.
Qe2 Qc7 15. f4 h5 16. Nge4 Bd7 17. Rf3 b6 18. Qd1 h4 19. h3 Bc6 20. b4 cxb3 21.
Nxb3 Nxb3 22. Qxb3 Bb7 23. Ba3 Kf8 24. Bd6 Bxd6 25.
exd6 Qd8 26. Rf2 Nf6 27. Ng5 Qxd6 28. Re1 Bd5 29. c4 Bb7 30. c5 Qd5 31. Qb4 Kg7 32. Re5 Qd7 33. Kh2 Bd5 34. a5 bxc5 35. dxc5 Rab8 36. Qd4 Rhd8 37. f5 exf5 38. Qxh4 Qc7 39. Re2 Rh8 40. Qg3 Ng4+ 41. Kg1 Rb1+ 42. Re1 Qxc5+ 43.
Kh1 Bxg2+ 44. Qxg2 Nf2+ 45. Kh2 Ng4+ 46. Kh1 Qxe5 47. Rxb1 Qf6 48. Qd2 Ne5 49. Rg1 f4 50. Qg2 Qxg5 51. Qxg5 Rxh3+ 52. Kg2 Rg3+ 53. Qxg3 fxg3 54.
Kxg3 Nc4 55. Ra1 f5 56. a6 Nb6 57. Rc1 Nd5 58. Rc5 Nb4 59. Rc7+ Kf6 60. Rxa7 g5 61. Rh7 Nxa6 62. Rh6+ Ke5 63. Rxa6 1-0

[Event "Late-Titled-Tuesday-Blitz-March-26-2024"]
[Site "Chess.com"]
[Date "2024.03.26"]
[Round "2"]
[White "FMYiLiu"]
[Black "Felix-Rose"]
[Result "1-0"]
[WhiteElo "2487"]
[BlackElo "2242"]
[TimeControl "180+1"]
[EndTime "14:19:50 PDT"]
[Termination "FMYiLiu won by checkmate"]

1. d4 d5 2. Nf3 Nf6 3. c3 e6 4.
Bf4 Bd6 5. e3 O-O 6. Nbd2 b6 7.
h4 c5 8. h5 Bxf4 9. exf4 cxd4 10. Nxd4 Re8 11. h6 e5 12. fxe5 Rxe5+ 13. Be2 Ba6 14.
N2f3 Bxe2 15. Nxe2 Re4 16. hxg7 Nc6 17. Kf1 Qe7 18. Qd3 Re8 19. Ng3 Ne5 20. Nxe5 Rxe5 21. f3 Re1+ 22. Kf2 Ng4+ 23. fxg4 Qf6+ 24. Nf5 R8e2+ 25. Qxe2 Rxe2+ 26. Kxe2 Qe5+ 27. Kf3 Qe4+ 28. Kf2 Qxg4 29. Ne3 Qxg7 30. Rh3 Qf6+ 31. Ke2 d4 32.
Rf1 Qe6 33. cxd4 Qxa2 34. Rhf3 Qxb2+ 35. Kd3 b5 36. Rxf7 Qb3+ 37. Ke4 Qe6+ 38. Kd3 Qb3+ 39.
Kd2 a5 40. Rf8+ Kg7 41. R1f7+ Kg6 42. Rf6+ Kg5 43. Rf5+ Kh4 44. Rf4+ Kg3 45. Rf3+ Kh2 46. Ng4+ Kxg2 47. Rxb3 b4 48. Rf2+ Kg1 49. Rb1# 1-0

[Event "Late-Titled-Tuesday-Blitz-March-26-2024"]
[Site "Chess.com"]
[Date "2024.03.26"]
[Round "2"]
[White "Practical-Play"]
[Black "Navyblue1"]
[Result "1/2-1/2"]
[WhiteElo "2472"]
[BlackElo "2247"]
[TimeControl "180+1"]
[EndTime "14:19:50 PDT"]
[Termination "Game drawn by repetition"]

1. d4 Nf6 2. c4 g6 3. h4 h5 4. Nc3 Bg7 5. e4 d6 6. Bg5 O-O 7. Qd2 Re8 8. O-O-O Nbd7 9. f3 e5 10. Nge2 exd4 11. Nxd4 Nc5 12. Qf4 Ne6 13. Nxe6 Bxe6 14. e5 dxe5 15. Qxe5 Nd7 16. Qf4 f6 17. Bh6 Qe7 18.
Bxg7 Qxg7 19. Qxc7 Ne5 20. Nd5 Rac8 21. Qxg7+ Kxg7 22.
Kb1 Nxc4 23. Nf4 Ne5 24. Nxe6+ Rxe6 25. Bb5 Re7 26. Rhe1 Rcc7 27. Rd8 a6 28. Ba4 b5 29.
Bb3 Nc4 30. Red1 f5 31. a4 Rb7 32. axb5 axb5 33. R8d4 Rec7 34. Bxc4 bxc4 35. Kc2 Rb6 36. Ra1 Rbc6 37. Ra3 Kf6 38. Rc3 Ke5 39. Rd2 Rc5 40. Kd1 R7c6 41. g3 f4 42. gxf4+ Kxf4 43. Rd4+ Ke5 44. Re4+ Kf5 45. Ke2 Rc7 46. Ke3 Rb7 47. Rf4+ Ke5 48. Re4+ Kf5 49. Rexc4 Rxc4 50. Rxc4 Rxb2 51.
Rc5+ Kf6 52. Kf4 Rb4+ 53. Kg3 Ke6 54. Rg5 Kf6 55. Rc5 Rd4 56. Kh3 Ra4 57. Kg3 Rd4 58. f4 Ra4 59. Kf3 Ra3+ 60. Ke4 Ra4+ 61. Ke3 Ra3+ 62.
Kd4 Ra4+ 63. Ke3 Ra3+ 64. Ke4 Ra4+ 65. Kf3 Ra3+ 66. Ke2 Ra2+ 67. Ke3 Ra3+ 1/2-1/2

[Event "Late-Titled-Tuesday-Blitz-March-26-2024"]
[Site "Chess.com"]
[Date "2024.03.26"]
[Round "2"]
[White "slorovel"]
[Black "GMBenjaminBok"]
[Result "1/2-1/2"]
[WhiteElo "2638"]
[BlackElo "2986"]
[TimeControl "180+1"]
[EndTime "14:19:51 PDT"]
[Termination "Game drawn by repetition"]

1. e4 c5 2. Nf3 d6 3. Bb5+ Nd7 4. a4 Nf6 5. Nc3 a6 6. Be2 g6 7. O-O Bg7 8. a5 O-O 9. d3 b5 10. axb6 Bb7 11. Qd2 a5 12. Qg5 Qxb6 13. Qh4 Bc6 14.
Nd2 Rfb8 15. Nc4 Qc7 16. Bh6 Bxh6 17. Qxh6 e6 18. Qf4 Ne8 19. Qg3 a4 20. Qg5 Rb4 21. f4 Qd8 22. Qxd8 Rxd8 23. Bf3 Rdb8 24. Ra2 Nb6 25. Nxb6 R8xb6 26. Nd1 Kf8 27. h4 d5 28.
exd5 Bxd5 29. Bxd5 exd5 30. Rf2 Nd6 31. Nc3 Rxb2 32.
Rxb2 Rxb2 33. Nxa4 Rb1+ 34. Kh2 Nf5 35. g3 Ne3 36.
Re2 Ng4+ 37. Kg2 c4 38. dxc4 dxc4 39. Nc3 Rc1 40. Nd5 h5 41. Nb6 c3 42. Nd5 Kg7 43.
Nxc3 Nh6 44. Nd5 Nf5 45. Ne3 Nxe3+ 46. Rxe3 Rxc2+ 47. Kf3 Kf6 48. Re2 Rc3+ 49. Re3 Rxe3+ 50. Kxe3 Kf5 51. Kf3 f6 52. Kf2 Kg4 53. Kg2 f5 54. Kf2 Kh3 55. Kf3 Kh2 56. Kf2 Kh3 57. Kf3 Kh2 58.
Kf2 Kh1 59. Kf1 Kh2 60. Kf2 1/2-1/2

[Event "Late-Titled-Tuesday-Blitz-March-26-2024"]
[Site "Chess.com"]
[Date "2024.03.26"]
[Round "2"]
[White "OriTaichman"]
[Black "Durarbayli"]
[Result "1/2-1/2"]
[WhiteElo "2622"]
[BlackElo "2932"]
[TimeControl "180+1"]
[EndTime "14:19:54 PDT"]
[Termination "Game drawn - insufficient material"]

1. e4 c5 2. Nf3 d6 3. d4 cxd4 4. Nxd4 Nf6 5. Nc3 Nc6 6. Bg5 Qb6 7. Bxf6 gxf6 8. Ndb5 a6 9. Nd5 Qa5+ 10. b4 Nxb4 11.
Nbc7+ Kd8 12. Nxa8 Nxd5+ 13. Qd2 Qxd2+ 14. Kxd2 Bh6+ 15.
Ke1 Nc3 16. Nb6 Nxe4 17. Nxc8 Kxc8 18. Bd3 Nc3 19. g3 e6 20. f4 f5 21. Kd2 Bg7 22.
a4 Ne4+ 23. Bxe4 Bxa1 24. Bxf5 exf5 25. Rxa1 Re8 26. Kd3 Kc7 27. c4 h5 28. a5 Re4 29.
h3 h4 30. Rg1 Kc6 31. gxh4 Rxf4 32. h5 Rh4 33. Rg5 f4 34. Rf5 Rxh3+ 35. Kd4 f3 36.
Kc3 f6 37. Kb4 Rh4 38. Rxf3 Rxh5 39. Rxf6 Rh4 40. Rg6 Rh1 41. Rf6 Rb1+ 42. Kc3 Kd7 43. Rf7+ Ke6 44. Rc7 Ke5 45. Re7+ Kf6 46. Re2 Ra1 47. Kb4 Kf7 48. Re3 Rb1+ 49. Kc3 Rf1 50. Re2 Rf5 51. Kb4 Re5 52. Rh2 Ke6 53. Rh7 Re1 54.
Kc3 Rc1+ 55. Kb2 Rxc4 56. Rxb7 Rc6 57. Kb3 d5 58. Kb4 d4 59. Rb6 Kd5 60. Rxc6 Kxc6 61. Kc4 d3 62. Kxd3 Kb5 63. Kc2 Kxa5 64. Kb2 Kb5 65. Ka2 a5 66. Ka1 a4 67. Kb1 a3 68.
Ka1 a2 69. Kxa2 1/2-1/2

[Event "Late-Titled-Tuesday-Blitz-March-26-2024"]
[Site "Chess.com"]
[Date "2024.03.26"]
[Round "2"]
[White "KorolDimitriy75"]
[Black "GarciaIsaac"]
[Result "1-0"]
[WhiteElo "2396"]
[BlackElo "2646"]
[TimeControl "180+1"]
[EndTime "14:19:58 PDT"]
[Termination "KorolDimitriy75 won by checkmate"]

1. d4 Nf6 2. c4 e6 3. Nc3 Bb4 4.
Qc2 c5 5. dxc5 O-O 6. Nf3 Na6 7. Bd2 Bxc5 8. a3 d5 9. e3 b6 10. cxd5 exd5 11. Be2 Nc7 12. O-O Ne6 13. b4 Be7 14. Rfd1 Bb7 15. Be1 Rc8 16. Qb3 Qc7 17. Rac1 Qb8 18.
h3 Rfd8 19. Nd4 Nxd4 20. Rxd4 Bd6 21. Rdd1 Bh2+ 22. Kf1 Be5 23. Kg1 d4 24. exd4 Bxd4 25. Nb5 Be5 26. Bc3 a6 27. Bxe5 Qxe5 28. Nc3 Rxd1+ 29.
Qxd1 h5 30. Bf3 Rxc3 31. Bxb7 Rxc1 32. Qxc1 a5 33. bxa5 bxa5 34. Bf3 g6 35. a4 Kg7 36.
Qc6 Qd4 37. g3 h4 38. Kg2 hxg3 39. Kxg3 Qe5+ 40. Kg2 Ng8 41. Qb5 Qc3 42. Qc6 Ne7 43. Qxc3+ f6 44. Qxa5 Nf5 45. Qc7+ Kh6 46. Qc1+ g5 47.
Bg4 Nh4+ 48. Kf1 f5 49. Bxf5 Nxf5 50. a5 Nd4 51. Qa1 Nf3 52. a6 Kh5 53. a7 Kh4 54. a8=Q Nd2+ 55. Kg1 Nf3+ 56. Kh1 g4 57. Q8h8+ Kg5 58.
Qag7+ Kf4 59. Qxg4# 1-0

[Event "Late-Titled-Tuesday-Blitz-March-26-2024"]
[Site "Chess.com"]
[Date "2024.03.26"]
[Round "2"]
[White "Hrant_ChessMood"]
[Black "ValeriyGrinev"]
[Result "1-0"]
[WhiteElo "2944"]
[BlackElo "2616"]
[TimeControl "180+1"]
[EndTime "14:19:59 PDT"]
[Termination "Hrant_ChessMood won by resignation"]

1. c4 c5 2. Nf3 Nc6 3. Nc3 e5 4. e3 Nf6 5. Be2 d5 6. d4 cxd4 7. exd4 e4 8. Ne5 Bd6 9. Bf4 Be6 10.
O-O O-O 11. Nxc6 bxc6 12. Bxd6 Qxd6 13. c5 Qf4 14. Qc1 Qh4 15. Qe3 Bg4 16. h3 Bxe2 17. Nxe2 a5 18. Rfb1 Ne8 19. b3 Nc7 20. Qf4 Qxf4 21.
Nxf4 Nb5 22. Ne2 Na3 23. Rb2 Rab8 24. Rd1 f5 25. Nf4 Kf7 26. h4 g6 27. Re2 h6 28. h5 g5 29. Ng6 Rfc8 30. f3 Ke6 31. fxe4 dxe4 32. g4 Re8 33. Ne5 f4 34. Nxc6 Kd5 35. Nxb8 Rxb8 36. c6 Nb5 37. Rc2 Kd6 38.
d5 Nc7 39. Rc4 Re8 40. Rdd4 Nxd5 41. c7 Rc8 42. Rxe4 Rxc7 43. Rxc7 Nxc7 44. Ra4 Ne8 45. Rxa5 Nf6 46. Ra6+ Ke5 47. a4 Nxg4 48. a5 f3 49. Ra8 Kf4 50. Rf8+ Kg3 51. a6 f2+ 52. Rxf2 Nxf2 53. a7 Nh3+ 54. Kf1 Nf4 55. a8=Q Nxh5 56. Qb8+ Kg4 57. b4 Nf4 58. Qc8+ Kg3 59. b5 h5 60. b6 h4 61. Qc3+ Kg4 62. b7 h3 63. b8=Q h2 64.
Qbc8+ Kh4 65. Q3h8+ Kg3 66. Qcc3+ Kg4 67. Qxh2 Ne2 68.
Qxe2+ 1-0

[Event "Late-Titled-Tuesday-Blitz-March-26-2024"]
[Site "Chess.com"]
[Date "2024.03.26"]
[Round "2"]
[White "Boundless_Strike"]
[Black "Fandorine"]
[Result "1-0"]
[WhiteElo "2622"]
[BlackElo "2900"]
[TimeControl "180+1"]
[EndTime "14:20:03 PDT"]
[Termination "Boundless_Strike won by resignation"]

1. d4 Nf6 2. f3 d5 3. e4 c5 4. e5 Nfd7 5. c3 Nc6 6. e6 fxe6 7.
f4 g6 8. Nf3 Bg7 9. Be3 Qb6 10.
Qd2 cxd4 11. cxd4 Nf6 12. Nc3 Ng4 13. Bg1 O-O 14. h3 Nf6 15. g4 Bd7 16. Bd3 Rad8 17.
Be3 Nb4 18. Bb1 Ne4 19. Nxe4 dxe4 20. Ne5 Bc6 21. O-O Nd3 22. Bxd3 exd3 23. d5 Qb5 24. dxc6 bxc6 25. Qc3 d2 26. Rad1 Qe2 27. Rxd2 Rxd2 28.
Qxd2 Qb5 29. Qc3 Rd8 30. b3 g5 31. Qc4 Qxc4 32. Nxc4 gxf4 33. Rxf4 e5 34. Rf1 a6 35.
Kf2 e4 36. Ke2 Rd5 37. Rd1 e6 38. Nd2 Ra5 39. a4 Re5 40. Bd4 Rd5 41. Bxg7 Kxg7 42. Nxe4 Re5 43. Ke3 h5 44. g5 Kg6 45. Rf1 Rd5 46.
Rf6+ Kg7 47. Rxe6 Rd1 48. h4 Rb1 49. Kf4 Rxb3 50. Ng3 Rb4+ 51. Re4 a5 52. Nf5+ Kg6 53. Ng3 c5 54. Ke5 c4 55. Kd4 Rxa4 56. Ne2 c3+ 57. Kd3 Rxe4 58. Kxe4 c2 59. Kd3 Kf5 60. Kxc2 a4 61.
Kb2 1-0

[Event "Late-Titled-Tuesday-Blitz-March-26-2024"]
[Site "Chess.com"]
[Date "2024.03.26"]
[Round "2"]
[White "kai_nov"]
[Black "steepedgames"]
[Result "1/2-1/2"]
[WhiteElo "2349"]
[BlackElo "2523"]
[TimeControl "180+1"]
[EndTime "14:20:06 PDT"]
[Termination "Game drawn by repetition"]

1. d4 f5 2. g3 Nf6 3. Bg2 g6 4. c3 Bg7 5. Qb3 d5 6. Nh3 O-O 7. O-O c6 8. Nd2 Qb6 9. Qc2 Nbd7 10. f3 e5 11. e3 c5 12. dxe5 Nxe5 13. Kh1 Bd7 14. e4 fxe4 15. fxe4 dxe4 16. Ng5 e3 17. Ndf3 Nfg4 18. Nxe5 Bxe5 19. Nf3 Bg7 20. h3 Nf2+ 21. Kh2 Bxh3 22. Bxh3 Rxf3 23. Bxe3 Rxe3 24. Qxf2 Re7 25. Rae1 Qd6 26. Rxe7 Qxe7 27. Re1 Be5 28. Kg2 Re8 29. Re2 Qf8 30. Qe1 Qd6 31. Bg4 Re7 32. Bf3 b6 33. c4 Bf6 34. Bd5+ Kg7 35. Rxe7+ Qxe7 36. Qxe7+ Bxe7 37. b3 Bf6 38. Kf3 h5 39. g4 Be5 40.
gxh5 gxh5 41. Bc6 Kf6 42. Be8 h4 43. Kg4 Bg3 44. Bb5 Ke5 45. Be8 Kd4 46. Bb5 Kc3 47. a4 Kxb3 48. Kf3 a6 49. Bxa6 Kxa4 50. Bb5+ Kb4 51.
Kg2 Kc3 52. Kh3 Kd4 53. Ba6 Ke5 54. Bb5 Kd6 55. Ba6 Kc7 56. Bb5 Kb7 57. Ba4 Ka6 58.
Bb5+ Ka5 59. Bc6 Kb4 60. Bb5 Kc3 61. Ba6 Kb4 62. Bb5 Ka5 63. Bc6 Ka6 64. Bb5+ Kb7 65. Ba4 Kc7 66. Bb5 Kd6 67. Ba4 Ke5 68. Bb5 Kd4 69. Ba6 Kd3 70. Bb5 Kc2 71. Ba6 Kb3 72. Bb5 Kb4 73. Ba6 Ka5 74. Bb5 Bf2 75. Kg2 Be1 76. Kh3 Kb4 77. Ba6 Kc3 78. Bb5 Kd4 79. Ba6 Ke5 80. Bb5 Kd6 81. Ba6 Kc7 82. Bb5 Kb7 83. Ba4 Ka6 84. Bb5+ Ka5 85. Bc6 Bf2 86. Bb5 Bg3 1/2-1/2

[Event "Late-Titled-Tuesday-Blitz-March-26-2024"]
[Site "Chess.com"]
[Date "2024.03.26"]
[Round "2"]
[White "simaopdias"]
[Black "Payyappat"]
[Result "0-1"]
[WhiteElo "2297"]
[BlackElo "2515"]
[TimeControl "180+1"]
[EndTime "14:20:08 PDT"]
[Termination "Payyappat won by resignation"]

1. e4 c6 2. d4 d5 3. exd5 cxd5 4. c4 Nf6 5. Nc3 Nc6 6. Bg5 Be6 7. c5 g6 8. Qd2 Bg7 9. Be2 O-O 10. Nf3 Ne4 11. Qe3 Nxg5 12. Qxg5 Nxd4 13. O-O Nxe2+ 14. Nxe2 Rc8 15.
Qe3 Qa5 16. Ng5 Rc6 17. Nd4 Bxd4 18. Qxd4 Qxc5 19. Qh4 h5 20. Rfe1 Bf5 21. Nf3 e6 22. Nd4 Qc4 23. Qf6 Rb6 24. b3 Qc3 25. Rad1 Ra6 26.
Re3 Qb2 27. Re2 Qc3 28. Re3 Qc7 29. Nxf5 exf5 30. Qb2 Rd8 31. Rde1 Qc6 32. g3 d4 33. Rd3 Qb5 34. Red1 Rad6 35. Qe2 Kg7 36. Qf3 Qc5 37. h4 Qb4 38. Kg2 Qb6 39. Kh2 Qc6 40. Qe2 Qd5 41. R1d2 Qe4 42. Qd1 Rc6 43. Kg1 Rcd6 44.
Re2 Qc6 45. Kh2 a5 46. Red2 b5 47. Rxd4 Rxd4 48. Rxd4 Rxd4 49. Qxd4+ Kh7 50. Qd2 a4 51. bxa4 bxa4 52. Qb4 Qc2 53. a3 Qxf2+ 54. Kh3 Qf1+ 55. Kh2 Qe2+ 56. Kh3 Qg4+ 57. Qxg4 hxg4+ 58. Kg2 f6 59. Kf2 g5 60. Ke3 gxh4 61. gxh4 Kg6 62. Kf4 Kh5 63. Kg3 f4+ 0-1

[Event "Late-Titled-Tuesday-Blitz-March-26-2024"]
[Site "Chess.com"]
[Date "2024.03.26"]
[Round "2"]
[White "ExtremeLearner"]
[Black "GMJustin"]
[Result "1-0"]
[WhiteElo "2539"]
[BlackElo "2364"]
[TimeControl "180+1"]
[EndTime "14:20:11 PDT"]
[Termination "ExtremeLearner won on time"]

1. Nf3 Nf6 2. d4 e6 3. c4 b6 4. Nc3 Bb4 5. g3 Bb7 6. Bg2 Ne4 7. Qc2 Nxc3 8. bxc3 Be7 9. O-O f5 10. Nd2 Bxg2 11.
Kxg2 O-O 12. f3 d5 13. cxd5 exd5 14. e3 c5 15. Nb3 Nc6 16. Bb2 c4 17. Nc1 b5 18.
Ne2 a5 19. Nf4 Qd7 20. h4 Rae8 21. Rae1 Bd8 22. Rf2 Bc7 23. Bc1 Bxf4 24. gxf4 b4 25. Kh3 Nd8 26. Rg1 Ne6 27. Bd2 Rb8 28. Rfg2 Kh8 29.
Qc1 b3 30. axb3 cxb3 31. Qa3 a4 32. Ra1 Ra8 33. Rb1 Rfb8 34. Bc1 Qc6 35. Rbb2 Qc7 36. Bd2 Kg8 37. Rb1 Kf7 38. Rbg1 Qd7 39. Bc1 Rb6 40. Qa1 Qd6 41. Ba3 Qd7 42. Qb2 Rb7 43. Rg3 Rc8 44. Qg2 Ke8 45. Qb2 Rc6 46. Rc1 Qc7 47.
Rg2 Qc8 48. Re1 Rxc3 49. Kh2 Rc2 50. Rxc2 Qxc2+ 51. Qxc2 bxc2 52. Rc1 Rb3 53. Bd6 Rxe3 54. Rxc2 Nxd4 55. Rc7 Nxf3+ 56. Kg2 g6 57. Kf2 Rd3 58.
Re7+ Kd8 59. Rxh7 Nd4 60. Bc7+ Kc8 61. Be5 Ne6 62. Re7 Nc5 63. Rc7+ Kd8 64. Rxc5 Rd2+ 65. Ke3 Rh2 66. Rxd5+ 1-0

[Event "Late-Titled-Tuesday-Blitz-March-26-2024"]
[Site "Chess.com"]
[Date "2024.03.26"]
[Round "2"]
[White "ernestina08chess"]
[Black "HelenaWalker2912"]
[Result "1/2-1/2"]
[WhiteElo "2273"]
[BlackElo "2488"]
[TimeControl "180+1"]
[EndTime "14:20:11 PDT"]
[Termination "Game drawn by repetition"]

1. e4 c6 2. d4 d5 3. e5 c5 4.
dxc5 e6 5. a3 Bxc5 6. Qg4 Ne7 7.
Nf3 O-O 8. b4 Bb6 9. Bd3 Ng6 10.
Bb2 f5 11. exf6 e5 12. Bf5 Bxf5 13. Qxf5 Qxf6 14. Qxf6 gxf6 15. O-O Nd7 16. Nbd2 Rac8 17. Rac1 Nf4 18. Rfe1 Kf7 19. g3 Nh3+ 20. Kg2 Nxf2 21.
c4 Nd3 22. Rb1 Nxe1+ 23. Rxe1 dxc4 24. Ne4 Ke6 25. Bc3 Rfd8 26. a4 a6 27. g4 Rg8 28.
h3 h5 29. Kg3 hxg4 30. hxg4 Rg7 31. g5 f5 32. Ned2 Kd5 33. Nxe5 Bc7 34. Nf3 Re8 35.
Rd1+ Ke6 36. Kf4 Rd8 37. Rh1 Nxe5 38. Nxe5 Rd5 39. Rh6+ Ke7 40. Kxf5 Bxe5 41. Bxe5 Rxg5+ 42. Kxg5 Rxe5+ 43. Kf4 Re6 44. Rh7+ Kf6 45. Rxb7 Rc6 46. b5 axb5 47. axb5 Rc5 48. b6 c3 49. Rc7 Rb5 50. b7 c2 51. Rxc2 Rxb7 52. Rc6+ Ke7 53. Ke5 Rb5+ 54.
Kd4 Rh5 55. Rg6 Kf7 56. Ra6 Ke7 57. Rb6 Kd7 58. Ra6 Kc7 59. Rg6 Kd7 60. Ra6 Kc7 61. Rg6 Kd7 62. Ra6 1/2-1/2